 Dungeon Sprint DCSS version 0.30-a0-672-gc3a7216ad8 (webtiles) character file.

Game seed: 3815094329270130375

1915 rocky1 the Impaler (level 9, -11/75 HPs)
             Began as a Merfolk Gladiator on Jan 19, 2023.
             Was an Initiate of Gozag.
             Mangled by an earth elemental (23 damage)
             ... in the Dungeon (Sprint III: "The Ten Rune Challenge").
             The game lasted 00:03:30 (1736 turns).

rocky1 the Impaler (Merfolk Gladiator)              Turns: 1736, Time: 00:03:31

Health: -11/75     AC:  7    Str: 18    XL:     9   Next: 16%
Magic:  9/9        EV: 21    Int:  7    God:    Gozag
Gold:   603        SH:  0    Dex: 16    Spells: 8/8 levels left

rFire   . . .      SeeInvis .    a - +0 trident
rCold   . . .      Faith    .    (no shield)
rNeg    . . .      Spirit   .    m - +0 ring mail
rPois   .          Reflect  .    c - +0 helmet
rElec   .          Harm     .    (no cloak)
rCorr   .          Rampage  .    (no gloves)
Will    .....      NoTele   +    (boots currently unavailable)
Stlth   +++++                    (no amulet)
HPRegen 0.32/turn                (no ring)
MPRegen 0.11/turn                (no ring)

@: very quick
A: nimble swimmer 2, mertail
a: Renounce Religion, Potion Petition, Call Merchant, Bribe Branch


You were in the Dungeon.
You worshipped Gozag.
Gozag was pleased with you.
You visited 1 branch You collected 603 gold pieces.

Inventory:

Hand Weapons
 a - a +0 trident (weapon)
Missiles
 d - 2 throwing nets
 e - a javelin (quivered)
Armour
 b - a +0 leather armour
 c - a +0 helmet (worn)
 m - a +0 ring mail (worn)
Wands
 r - a wand of charming (7)
Scrolls
 k - a scroll of blinking
 o - 2 scrolls of torment {unknown}
 p - 3 scrolls of identify
Potions
 f - 3 potions of curing
 h - a potion of haste
 i - 2 potions of magic
 l - a potion of lignification {unknown}
 n - 3 potions of mutation {unknown}
 q - 3 potions of flight
Miscellaneous
 g - a box of beasts


   Skills:
 + Level 8.8 Fighting
 * Level 15.1 Polearms
 - Level 2.7 Throwing
 + Level 5.6 Armour
 + Level 11.7 Dodging
 + Level 9.0 Stealth
 + Level 5.2 Evocations


You had 8 spell levels left.
You didn't know any spells.
Your spell library contained the following spells:

 Spells                   Type           Power      Damage    Failure   Level
 Necrotise                Necr           0%         1d4       61%         1
 Slow                     Hex            0%         N/A       61%         1
 Sting                    Tmut/Pois      0%         1d3       61%         1
 Cigotuvi's Dreadful Rot  Necr/Pois/Air  0%         N/A       75%         2
 Poisonous Vapours        Pois/Air       0%         N/A       75%         2
 Mephitic Cloud           Conj/Pois/Air  0%         N/A       93%         3


Dungeon Overview and Level Annotations

Branches:
Dungeon (1/1)

Altars:
Cheibriados
Dithmenos
Elyvilon
Fedhas
Gozag
Hepliaklqana
Kikubaaqudgha
Makhleb
Nemelex Xobeh
Okawaru
Qazlal
Ru
Sif Muna
Trog
Uskayaw
Vehumet
Wu Jian
Xom
Yredelemnul
Zin
The Shining One
Jiyva
Lugonu


Innate Abilities, Weirdness & Mutations

You are very nimble when in or above water. (Stealth+, EV+, Speed+++)
Your lower body shifts to a powerful aquatic tail in water.


Message History

You hit the earth elemental but do no damage.
The earth elemental is moderately damaged.
You hit the earth elemental.
The earth elemental is moderately damaged.
The earth elemental barely misses you.
You hit the earth elemental but do no damage.
The earth elemental is moderately damaged.
You hit the earth elemental but do no damage.
The earth elemental is moderately damaged.
The earth elemental hits you.
* * * LOW HITPOINT WARNING * * *
You hit the earth elemental but do no damage.
The earth elemental is moderately damaged.
You barely miss the earth elemental. You tail-slap the earth elemental.
The earth elemental is heavily damaged.
You hit the earth elemental but do no damage.
The earth elemental is heavily damaged.
The earth elemental completely misses you.
You hit the earth elemental. You tail-slap the earth elemental.
The earth elemental is heavily damaged.
You hit the earth elemental but do no damage.
The earth elemental is heavily damaged.
You hit the earth elemental.
The earth elemental is heavily damaged.
The earth elemental hits you!
* * * LOW HITPOINT WARNING * * *
You puncture the earth elemental!
The earth elemental is severely damaged.
You hit the earth elemental but do no damage.
The earth elemental is severely damaged.
The earth elemental misses you.
You hit the earth elemental.
The earth elemental is severely damaged.
You hit the earth elemental.
The earth elemental is almost destroyed.
You hit the earth elemental but do no damage.
The earth elemental is almost destroyed.
The earth elemental hits you!!
You die...
Your body crumbles into a pile of gold.

############
#___#___#__#$$ $ $$$
$ #.).#__)#._#$$ $
###'#'###)##$
#..........#$$
'.⌠........#$$ $$ $
#...######'# $ $
#.⌠.#__#...#+#######
#...#__#...#..~§@E.#
#'###__#...#.#§§§#.#
#.))#__#...'.#§§.#.#
#___#__'...#.#.§§#..
▓▓▓▓▓▓▓▓▓▓▓▓▓▓▓▓▓▓▓▓▓


You could see an earth elemental.

Vanquished Creatures
  Josephine (D)
  A deep elf pyromancer (D)
  A shadow (D)
  A spatial vortex (D)
  A necrophage (D)
  A water elemental (D)
  A scorpion (D)
  A jelly (D)
  A wizard (D)
  Jessica (D)
  A necromancer (D)
  3 humans (D)
  A kobold demonologist (D)
  2 endoplasms (D)
  A rat (D)
18 creatures vanquished.

Notes
Turn   | Place    | Note
-------+----------+-------------------------------------------
     0 | D        | rocky1 the Merfolk Gladiator began the quest for the Orb.
     0 | D        | Reached XP level 1. HP: 16/16 MP: 1/1
    25 | D        | Noticed Jessica
    30 | D        | Killed Jessica
    31 | D        | Reached skill level 6 in Polearms
    31 | D        | Reached XP level 2. HP: 19/24 MP: 2/2
    31 | D        | Reached XP level 3. HP: 23/29 MP: 3/3
   117 | D        | Reached skill level 1 in Stealth
   274 | D        | Noticed a scorpion
   291 | D        | Killed a scorpion
   292 | D        | Reached skill level 8 in Polearms
   292 | D        | Reached skill level 1 in Armour
   292 | D        | Reached XP level 4. HP: 34/37 MP: 4/4
   326 | D        | Noticed a water elemental
   342 | D        | Killed a water elemental
   343 | D        | Reached skill level 9 in Polearms
   343 | D        | Reached XP level 5. HP: 16/43 MP: 5/5
   559 | D        | Reached skill level 5 in Fighting
   559 | D        | Noticed a shadow
   575 | D        | Killed a shadow
   576 | D        | Reached skill level 11 in Polearms
   576 | D        | Reached skill level 5 in Stealth
   576 | D        | Reached XP level 6. HP: 12/52 MP: 6/6
   821 | D        | Found a blossoming altar of Fedhas.
   821 | D        | Found a stormy altar of Qazlal.
   821 | D        | Found a snail-covered altar of Cheibriados.
   821 | D        | Found a burning altar of Makhleb.
   821 | D        | Found a shimmering altar of Xom.
   822 | D        | Found a hazy altar of Hepliaklqana.
   822 | D        | Found an opulent altar of Gozag.
   822 | D        | Found a sparkling altar of Nemelex Xobeh.
   822 | D        | Found a corrupted altar of Lugonu.
   822 | D        | Found a viscous altar of Jiyva.
   822 | D        | Noticed a spatial vortex
   827 | D        | Became a worshipper of Gozag Ym Sagoz the Greedy
   847 | D        | Killed a spatial vortex
   848 | D        | Reached XP level 7. HP: 22/59 MP: 7/7
   989 | D        | Found a basalt altar of Yredelemnul.
   989 | D        | Found a shadowy altar of Dithmenos.
   989 | D        | Found a sacrificial altar of Ru.
  1000 | D        | Reached skill level 12 in Polearms
  1000 | D        | Reached skill level 1 in Evocations
  1131 | D        | Found a radiant altar of Vehumet.
  1131 | D        | Found a shimmering blue altar of Sif Muna.
  1131 | D        | Found an ancient bone altar of Kikubaaqudgha.
  1139 | D        | Got Beginning Esoteric Knowledge
  1154 | D        | Found a glowing silver altar of Zin.
  1154 | D        | Found a glowing golden altar of the Shining One.
  1154 | D        | Found a white marble altar of Elyvilon.
  1155 | D        | Noticed a deep elf pyromancer
  1163 | D        | Killed a deep elf pyromancer
  1164 | D        | Reached skill level 13 in Polearms
  1164 | D        | Reached skill level 10 in Dodging
  1164 | D        | Reached XP level 8. HP: 42/68 MP: 8/8
  1283 | D        | Found a hide-covered altar of Uskayaw.
  1283 | D        | Found an iron altar of Okawaru.
  1283 | D        | Found a bloodstained altar of Trog.
  1283 | D        | Found an ornate altar of the Wu Jian Council.
  1304 | D        | Reached skill level 14 in Polearms
  1304 | D        | Reached skill level 5 in Armour
  1404 | D        | Noticed Josephine
  1425 | D        | Killed Josephine
  1426 | D        | Reached skill level 15 in Polearms
  1426 | D        | Reached skill level 5 in Evocations
  1426 | D        | Reached XP level 9. HP: 31/75 MP: 9/9
  1736 | D        | Mangled by an earth elemental

Illustrated notes

Levels and vault maps discovered:
D:        dungeon_sprint_mu [sprint_mu_entry_forest, sprint_mu_temple_rooms,
          sprint_mu_d1_horrors, sprint_mu_d2_genie, sprint_mu_d3_branching,
          sprint_mu_orc_legion, sprint_mu_elf_gauntlet, sprint_mu_hive_nellie,
          sprint_mu_lair_fedhas, sprint_mu_vaults_butterflies,
          sprint_mu_slime_circle, sprint_mu_swamp_cave, sprint_mu_shoals_archi,
          sprint_mu_blade_basic, sprint_mu_crypt_lich, sprint_mu_tomb_spiral,
          sprint_mu_vestibule_basic, sprint_mu_gehenna_hellfire,
          sprint_mu_dis_giant, sprint_mu_tartarus_statrot,
          sprint_mu_cocytus_islands, sprint_mu_zot1]

Skill      XL: |  1  2  3  4  5  6  7  8 |
---------------+-------------------------+-----
Fighting       | 3 4 6 7 8 |  8.8
Polearms       | 6 8 9 11 13 15 | 15.1
Dodging        | 6 7 9 10 11 | 11.7
Stealth        | 2 3 5 6 7 9 |  9.0
Armour         | 1 2 3 4 5 |  5.6
Evocations     | 3 5 |  5.2
Throwing       | |  2.7

Action                   |  1- 3 |  4- 6 |  7- 9 || total
-------------------------+-------+-------+-------++-------
Melee: Trident           |    38 |    51 |   101 ||   190
       Tailslap          |     7 |       |    16 ||    23
       Punch             |     3 |     3 |     1 ||     7
Throw: Throwing net      |     2 |       |       ||     2
       Javelin           |       |     1 |       ||     1
  Use: Potion            |       |     1 |     2 ||     3
 Stab: Held in net/web   |     1 |       |       ||     1
       Sleeping          |       |     1 |     6 ||     7
Armor: Ring mail         |     3 |     1 |     8 ||    12
Dodge: Dodged            |    20 |    14 |    23 ||    57

Table legend: (Time is in decaauts)
 A = Elapsed time spent in this place.
 B = Non-inter-level travel time spent in this place.
 C = Inter-level travel time spent in this place.
 D = Time resting spent in this place.
 E = Time spent auto-exploring this place.
 F = Levels seen in this place.
 G = Mean time per level.
                   A        B        C        D        E       F      G
               +--------+--------+--------+--------+--------+-----+--------+
         Total |   1689 |   1689 |      0 |   1276 |      1 |   1 | 1689.0 |
       Dungeon |   1689 |   1689 |      0 |   1276 |      1 |   1 | 1689.0 |
               +--------+--------+--------+--------+--------+-----+--------+

Top non-repeatable levels by time:
       D: 1689 daAuts
